 Dungeon Crawl Stone Soup version 0.23.0 (webtiles) character file.

Game seed: 8784516614564911834

7 Groucho the Sneak (level 1, 0/7 HPs)
             Began as a Felid Ice Elementalist on Feb 11, 2019.
             Slain by a bat (1 damage)
             ... on level 1 of the Dungeon.
             The game lasted 00:01:01 (958 turns).

Groucho the Sneak (Felid Ice Elementalist)           Turns: 958, Time: 00:01:02

Health: 0/7        AC:  1    Str:  4    XL:     1   Next: 83%
Magic:  4/4        EV: 18    Int: 16    God:
Gold:   8          SH:  0    Dex: 16    Spells: 3/4 levels left
                                        Lives:  0   Deaths: 0

rFire    . . .     SeeInvis +   (weapon unavailable)
rCold    . . .     Gourm    .   (shield unavailable)
rNeg     . . .     Faith    .   (armour unavailable)
rPois    .         Spirit   .   (helmet unavailable)
rElec    .         Reflect  .   (cloak unavailable)
rCorr    .         Harm     .   (gloves unavailable)
MR       .....                  (boots unavailable)
Stlth    +++.......             (no amulet)
HPRegen  0.02/turn              (no ring)
MPRegen  0.09/turn              (no ring)

@: quick
A: very small, no armour, no weapons or thrown items, stealth, claws 1, fangs 3,
see invisible, carnivore, speed 1, shaggy fur 1, slow metabolism 1, sharp paws
a: no special abilities


You were on level 1 of the Dungeon.
You were not hungry.

You visited 1 branch of the dungeon, and saw 1 of its levels.

You collected 8 gold pieces.

Inventory:

Scrolls
 a - a scroll of noise {unknown}
Comestibles
 b - a ration


   Skills:
 - Level 2.6 Dodging
 + Level 3.0 Stealth
 + Level 0.4 Unarmed Combat
 + Level 2.1 Spellcasting
   Level 0.8 Conjurations
 + Level 2.8 Ice Magic


You had 3 spell levels left.
You knew the following spells:

 Your Spells              Type           Power        Failure   Level  Hunger
a - Freeze                Ice            ##..         6%          1    #......

Your spell library contained the following spells:

 Spells                   Type           Power        Failure   Level  Hunger
 Throw Frost              Conj/Ice       #.....       14%         2    ###....
 Ozocubu's Armour         Chrm/Ice       #.......     34%         3    ###....
 Throw Icicle             Conj/Ice       #.......     67%         4    #####..
 Summon Ice Beast         Ice/Summ       #.......     75%         4    #####..


Dungeon Overview and Level Annotations

Branches:
Dungeon (1/15)

Altars:


Innate Abilities, Weirdness & Mutations

You cannot wear armour.
You are incapable of wielding weapons or throwing items.
Your paws allow you to move quietly. (Stealth)
You have sharp claws.
You have razor-sharp teeth.
You have supernaturally acute eyesight. (SInv)
You are carnivorous and can eat meat at any time.
You cover ground quickly.
You are covered in fur. (AC +1)
You have a slow metabolism.
Your sharp claws are effective at attacking unaware monsters.


Message History

* * * LOW HITPOINT WARNING * * *
You scratch the kobold but do no damage.
The bat closely misses you. The kobold misses you.
You aren't carrying any potions.
Unknown command.
The bat completely misses you. x2
The bat misses you. The bat hits you but does no damage.
The bat completely misses you. The bat misses you. The bat closely misses you.
The bat closely misses you. The bat closely misses you.
The bat completely misses you. The bat barely misses you.
The bat barely misses you. The bat hits you.
* * * LOW HITPOINT WARNING * * *
The bat hits you.
You die...

.....##....#......#####
............#...........
...............#...........
........................##
#....................#..#
..............#.....w#.##
#...........Ks..###...w.
#......b........###.#s.(
#......@.....)...##.###.
#.................#(# ##
###>.#.##............ #
##.##.##.#...###.....
#######..##.##.##..........
#.>......##.##.###....#..##
#........##.#..###.......##
#........##.....)...###...###
#........###.................


You could see a giant cockroach, a bat and a kobold.

Vanquished Creatures
  A giant cockroach (D:1)
  A hobgoblin (D:1)
  2 bats (D:1)
  A frilled lizard (D:1)
  2 kobolds (D:1)
7 creatures vanquished.

Notes
Turn   | Place    | Note
-------+----------+-------------------------------------------
     0 | D:1      | Groucho the Felid Ice Elementalist began the quest for the
                  | Orb.
     0 | D:1      | Reached XP level 1. HP: 7/7 MP: 4/4
   496 | D:1      | Reached skill level 3 in Stealth
   958 | D:1      | Slain by a bat

Skill      XL: |  1 |
---------------+----+-----
Stealth        | 3 |  3.0
Dodging        | |  2.6
Unarmed Combat | |  0.4
Spellcasting   | |  2.1
Conjurations   | |  0.8
Ice Magic      | |  2.8

Action                   || total
-------------------------++-------
Melee: Unarmed           ||    44
       Bite              ||     1
 Stab: Sleeping          ||     3
Armor: Skin              ||     9
Dodge: Dodged            ||    74
